 Dungeon Crawl Stone Soup version 0.30-a0-475-g03497ec522 (webtiles) character file.

Game seed: 15431894797872424238

3475 bmack86 the Cleaver (level 9, -1/76 (79) HPs)
             Began as a Minotaur Fighter on Dec 21, 2022.
             Was an Initiate of Wu Jian.
             Succumbed to Amaemon's poison
             ... on level 8 of the Dungeon.
             The game lasted 00:22:01 (7510 turns).

bmack86 the Cleaver (Minotaur Fighter)              Turns: 7510, Time: 00:22:02

HP:   -1/76 (79)    AC: 15    Str: 24    XL:     9   Next: 79%
MP:   8/8           EV: 12    Int:  5    God:    Wu Jian [......]
Gold: 155           SH:  8    Dex: 17    Spells: 8/8 levels left

rFire   . . .      SeeInvis .    a - +1 war axe
rCold   + . .      Faith    .    c - +2 buckler
rNeg    . . .      Spirit   .    w - +4 scale mail
rPois   .          Reflect  .    (helmet restricted)
rElec   .          Harm     .    (no cloak)
rCorr   .          Rampage  .    (no gloves)
Will    .....                    B - +2 pair of boots of the Teacher {+Inv rC+}
Stlth   +.........               (no amulet)
HPRegen 0.32/turn                s - +6 ring of dexterity
MPRegen 0.11/turn                (no ring)

@: lethally poisoned (-1 -> -16), lightly drained
A: horns 2, retaliatory headbutt
a: Renounce Religion, Evoke Invisibility


You were on level 8 of the Dungeon.
You worshipped Wu Jian.
Wu Jian was noncommittal.
You visited 1 branch of the dungeon, and saw 8 of its levels.

You collected 355 gold pieces.
You spent 200 gold pieces at shops.

Inventory:

Hand Weapons
 a - a +1 war axe (weapon)
 x - a +0 glaive
Missiles
 l - 26 poisoned darts (quivered)
 m - 5 atropa-tipped darts
Armour
 b - a +0 scale mail
 c - a +2 buckler (worn)
 w - a +4 scale mail (worn)
 B - the +2 pair of boots of the Teacher (worn) {+Inv rC+}
   (You found it on level 4 of the Dungeon)

   rC:        It protects you from cold.
   +Inv:      It lets you turn invisible.
Jewellery
 p - a ring of magical power
 s - a +6 ring of dexterity (left hand)
Wands
 h - a wand of digging (14)
 A - a wand of quicksilver (8)
 F - a wand of mindburst (21)
Scrolls
 i - a scroll of blinking
 n - 2 scrolls of vulnerability
 t - 2 scrolls of fog
 u - 2 scrolls of immolation
 v - 2 scrolls of fear
 y - 4 scrolls of torment
 z - a scroll of magic mapping
 D - a scroll of teleportation
 H - a scroll of poison
Potions
 d - 3 potions of might
 e - 2 potions of invisibility
 f - a potion of lignification {unknown}
 g - 2 potions of heal wounds
 j - 3 potions of flight {unknown}
 k - 2 potions of magic
 o - a potion of resistance {unknown}
 q - a potion of brilliance {unknown}
 r - a potion of ambrosia {unknown}
 C - 5 potions of curing
 E - a potion of berserk rage {unknown}
 I - a potion of mutation {unknown}


   Skills:
 + Level 7.3 Fighting
 + Level 11.2 Axes
 + Level 8.4 Armour
 + Level 4.7 Dodging
 + Level 1.3 Stealth
 + Level 6.3 Shields


You had 8 spell levels left.
You didn't know any spells.
Your spell library contained the following spells:

 Spells                   Type           Power      Damage    Failure   Level
 Necrotise                Necr           0%         1d4       83%         1
 Blink                    Tloc           0%         N/A       92%         2
 Cigotuvi's Dreadful Rot  Necr/Pois/Air  0%         N/A       92%         2
 Momentum Strike          Conj/Tloc      0%         3d8       92%         2
 Poisonous Vapours        Pois/Air       0%         N/A       92%         2
 Static Discharge         Conj/Air       0%         2-2/arc   92%         2
 Frozen Ramparts          Ice            0%         1d1       99%         3
 Lesser Beckoning         Tloc           0%         N/A       99%         3
 Mephitic Cloud           Conj/Pois/Air  0%         N/A       99%         3
 Vampiric Draining        Necr           0%         2d6       99%         3
 Vhi's Electric Charge    Tloc/Air       0%         N/A       99%         3
 Airstrike                Air            0%         2d(0-16)  100%        4
 Cause Fear               Hex            0%         N/A       100%        4
 Petrify                  Tmut/Erth      0%         N/A       100%        4
 Summon Lightning Spire   Summ/Air       0%         N/A       100%        4
 Agony                    Necr           0%         N/A       100%        5
 Arcjolt                  Conj/Air       0%         1d10      100%        5
 Lightning Bolt           Conj/Air       0%         1d11      100%        5
 Yara's Violent Unravell  Hex/Tmut       0%         3d3       100%        5
 Dragon Form              Tmut           0%         N/A       100%        7
 Dragon's Call            Summ           0%         N/A       100%        9


Dungeon Overview and Level Annotations

Branches:
Dungeon (8/15)             Temple (0/1) D:6
   Lair: D:8-11

Altars:
Dithmenos
Fedhas
Wu Jian

Shops:
D:1 *   D:7 (

Annotations:
D:8 Amaemon


Innate Abilities, Weirdness & Mutations

You have a pair of horns on your head.
You reflexively headbutt those who attack you in melee.


Message History

The scorpion closely misses you. You furiously retaliate!
You headbutt the scorpion!
You kill the scorpion!
The scorpion's corpse disappears in a puff of smoke!
The orange demon stings you but does no damage.
You block Amaemon's attack. Amaemon misses you.
Amaemon tail-slaps you but does no damage.
The wight hits you with a +4 short sword.
You barely miss Amaemon.
Amaemon is moderately wounded.
You hit the wight but do no damage.
You feel sick. The orange demon closely misses you. Amaemon barely misses you.
Amaemon misses you.
Amaemon tail-slaps you but does no damage.
The wight hits you but does no damage.
You hit Amaemon.
Amaemon is moderately wounded.
You hit the wight.
You feel sick. The orange demon barely misses you. You block Amaemon's attack.
Amaemon claws you but does no damage. Amaemon tail-slaps you.
You are more poisoned.
Amaemon poisons you! The wight barely misses you.
You slash Amaemon!
Amaemon is heavily wounded.
You hit the wight but do no damage. You hit the wight.
You feel very sick. The orange demon closely misses you.
The wight hits you with a +0 great sword!
* * * LOW HITPOINT WARNING * * *
You feel drained.
* * * LOW HITPOINT WARNING * * *
Amaemon hits you with a +0 demon whip of venom!
* * * LOW HITPOINT WARNING * * *
Amaemon claws you.
* * * LOW HITPOINT WARNING * * *
Amaemon closely misses you. You block the wight's attack.
You barely miss Amaemon.
Amaemon is heavily wounded.
You hit the wight but do no damage. You hit the wight.
You die...

# ## .# .. .. # ##..
. #. .# #... .##. .#
..###.. .#
#####.#)zz#4#
>.....###@6#
#......##s#. ##...#)#
.# #.....###...
##.###...# #. #
#.###.#.# #.#
#..##...###...##
######...............
..............###.#


You could see Amaemon, an orange demon (curare), a scorpion (summoned, curare)
and 2 wights.

Vanquished Creatures
  Pikel (D:4)
  Sigmund (D:2)
  Eustachio (D:4)
  Menkaure (D:4)
  2 water moccasins
  Duvessa (D:5)
  An ice beast (D:6)
  3 sky beasts
  A black bear (D:6)
  3 ogres
  A phantom (D:4)
  2 lemures (D:4)
  A kobold brigand (D:7)
  A bullfrog (D:7)
  2 necrophages (D:4)
  A scorpion (D:4)
  Dowan (D:5)
  A wight (D:8)
  A water moccasin skeleton (D:4)
  3 howler monkeys
  2 bullfrog zombies (D:4)
  A centaur zombie (D:4)
  3 hounds
  6 jellies
  5 orc priests
  An iguana (D:6)
  A scorpion zombie (D:4)
  Jessica (D:2)
  3 orc wizards (D:5)
  Natasha (thrice) (D:4)
  8 adders
  2 white imps
  3 ufetubi
  An adder skeleton (D:4)
  4 worms
  2 dart slugs (D:4)
  24 orcs
  3 bats
  7 endoplasms
  5 giant cockroaches
  7 goblins
  8 hobgoblins
  3 jackals (D:3)
  11 kobolds
  4 quokkas
  6 ball pythons
  9 frilled lizards
  7 rats
  A butterfly (D:6)
170 creatures vanquished.

Notes
Turn   | Place    | Note
-------+----------+-------------------------------------------
     0 | D:1      | bmack86 the Minotaur Fighter began the quest for the Orb.
     0 | D:1      | Reached XP level 1. HP: 19/19 MP: 0/0
    29 | D:1      | You fall into a shaft and drop 1 floor!
    59 | D:2      | Reached XP level 2. HP: 22/27 MP: 1/1
   457 | D:1      | Found Doro's Assorted Antiques.
   733 | D:1      | Reached XP level 3. HP: 33/33 MP: 2/2
  1059 | D:2      | Reached skill level 3 in Axes
  1088 | D:2      | Reached XP level 4. HP: 30/40 MP: 3/3
  1225 | D:2      | Noticed Sigmund
  1240 | D:2      | Killed Sigmund
  1241 | D:2      | Reached skill level 4 in Axes
  1241 | D:2      | Reached skill level 5 in Armour
  1241 | D:2      | Reached skill level 1 in Dodging
  1241 | D:2      | Reached XP level 5. HP: 25/47 MP: 4/4
  1433 | D:2      | Noticed Jessica
  1440 | D:2      | Killed Jessica
  1441 | D:2      | Reached XP level 6. HP: 45/53 MP: 5/5
  1869 | D:3      | Found a shadowy altar of Dithmenos.
  1988 | D:3      | Reached skill level 5 in Axes
  2395 | D:3      | Identified the +3 short sword of the Saviour {freeze, rCorr
                  | MP+9}
  3105 | D:1      | Bought a scroll of identify for 50 gold pieces
  3105 | D:1      | Bought a scroll of identify for 50 gold pieces
  3215 | D:4      | Noticed Eustachio
  3224 | D:4      | Killed Eustachio
  3225 | D:4      | Reached skill level 6 in Axes
  3225 | D:4      | Reached XP level 7. HP: 60/60 MP: 6/6
  3229 | D:4      | Reached skill level 5 in Shields
  3235 | D:4      | Reached skill level 5 in Fighting
  3368 | D:4      | Noticed Menkaure
  3382 | D:4      | Killed Menkaure
  3383 | D:4      | Reached skill level 7 in Axes
  3600 | D:4      | Noticed Natasha
  3609 | D:4      | Killed Natasha
  3622 | D:4      | Reached skill level 1 in Stealth
  3622 | D:4      | Reached XP level 8. HP: 68/68 MP: 7/7
  3746 | D:4      | Noticed Pikel
  3759 | D:4      | Killed Pikel
  3760 | D:4      | Reached skill level 8 in Axes
  3805 | D:4      | Noticed Natasha
  3813 | D:4      | Killed Natasha
  3829 | D:4      | Identified the +2 pair of boots of the Teacher {+Inv rC+}
  3839 | D:4      | Noticed Natasha
  3847 | D:4      | Killed Natasha
  3850 | D:4      | Got Sif Muna's Octavo of Algid Evolution
  4147 | D:4      | Reached skill level 9 in Axes
  4293 | D:5      | Entered Level 5 of the Dungeon
  4712 | D:5      | Noticed Dowan
  4713 | D:5      | Noticed Duvessa
  4714 | D:5      | Found a blossoming altar of Fedhas.
  4721 | D:5      | Killed Duvessa
  4722 | D:5      | Reached XP level 9. HP: 70/78 MP: 8/8
  4737 | D:5      | Killed Dowan
  5242 | D:5      | Reached skill level 10 in Axes
  5614 | D:6      | Found an ornate altar of the Wu Jian Council.
  5624 | D:6      | Became a worshipper of the Wu Jian Council
  5837 | D:6      | Found a staircase to the Ecumenical Temple.
  6410 | D:7      | Found Hadgheipp's Weapon Shoppe.
  6574 | D:1      | Bought a scroll of identify for 50 gold pieces
  6574 | D:1      | Bought a scroll labelled TIOMOI PAFAE for 25 gold pieces
  6574 | D:1      | Bought a scroll labelled AMYECU UDAJOETS for 25 gold pieces
  6818 | D:7      | Reached skill level 11 in Axes
  7499 | D:8      | Noticed Amaemon
  7501 | D:8      | Noticed an orange demon
  7509 | D:8      | HP: 3/76 [Amaemon/+0 demon whip of venom (2)]
  7510 | D:8      | Succumbed to Amaemon's poison

Illustrated notes

Levels and vault maps discovered:
D:1:      erik_arrival_cave_to_civilisation [erik_arrival_cave_to_hall],
          layout_basic, serial_shops, nicolae_shop_window_shopping,
          minmay_lizard_pond
D:2:      layout_basic, kennysheep_cross_room, st_stairs_1, uniq_jessica,
          uniq_sigmund
D:3:      minmay_recursive_quarters, layout_loops_ring,
          grunt_dithmenos_smoke_and_mirrors
D:4:      layout_basic, serial_undead, serial_undead_a, serial_undead_e,
          serial_undead_c, serial_undead_b, uniq_eustachio, uniq_natasha,
          uniq_pikel, uniq_menkaure
D:5:      layout_loops_corners, nicolae_overflow_crystal_walls, uniq_duvessa
D:6:      layout_loops_ring, mainiacjoe_overflow_chevrons,
          minmay_temple_entry_butterflies
D:7:      layout_loops_corners, serial_shops, nicolae_shop_statue_plus,
          bh_walls_and_bars
D:8:      layout_basic, mainiacjoe_overflow_big_doors,
          due_lair_maze_entry_diamond, minmay_starry_boxes, uniq_amaemon

Skill      XL: |  1  2  3  4  5  6  7  8  9 |
---------------+----------------------------+-----
Armour         | 4 5 6 7 8 |  8.4
Fighting       | 4 5 6 7 |  7.3
Shields        | 4 5 6 |  6.3
Axes           | 3 4 6 7 9 11 | 11.2
Dodging        | 1 2 3 4 |  4.7
Stealth        | 1 |  1.3

Action                   |  1- 3 |  4- 6 |  7- 9 || total
-------------------------+-------+-------+-------++-------
Melee: War axe           |    63 |   103 |   234 ||   400
       Headbutt          |     6 |    17 |    58 ||    81
Invok: Lunge             |       |       |     9 ||     9
  Use: Scroll            |     2 |     8 |     6 ||    16
Armor: Scale mail        |    38 |    48 |   135 ||   221
Dodge: Dodged            |    48 |    68 |   136 ||   252
Block: Buckler           |    22 |    21 |    73 ||   116

Table legend: (Time is in decaauts)
 A = Elapsed time spent in this place.
 B = Non-inter-level travel time spent in this place.
 C = Inter-level travel time spent in this place.
 D = Time resting spent in this place.
 E = Time spent auto-exploring this place.
 F = Levels seen in this place.
 G = Mean time per level.
                   A        B        C        D        E       F      G
               +--------+--------+--------+--------+--------+-----+--------+
         Total |   7598 |   6820 |    778 |    475 |   4502 |   8 |  949.8 |
       Dungeon |   7598 |   6820 |    778 |    475 |   4502 |   8 |  949.8 |
               +--------+--------+--------+--------+--------+-----+--------+

Top non-repeatable levels by time:
     D:3: 1434 daAuts
     D:5: 1266 daAuts
     D:4: 1156 daAuts
     D:2: 1058 daAuts
     D:1: 944 daAuts
     D:7: 906 daAuts
     D:6: 771 daAuts
     D:8: 58 daAuts
